 Dungeon Crawl Stone Soup version 0.32-a0-893-gf85d74f360 (webtiles) character file.

Game seed: 6654941146503206317

544 DEFE the Chopper (level 7, 52/52 HPs)
             Began as a Coglin Fighter on Apr 3, 2024.
             Was an Initiate of Okawaru.
             Quit the game in the Ecumenical Temple.
             The game lasted 00:03:25 (3809 turns).

DEFE the Chopper (Coglin Fighter)                   Turns: 3809, Time: 00:03:25

Health: 52/52      AC: 14    Str: 18    XL:     7   Next: 27%
Magic:  7/7        EV:  4    Int:  8    God:    Okawaru [......]
Gold:   395        SH:  0    Dex: 13    Spells: 6/6 levels left

rFire   . . .        a - +0 war axe {Ashmeen}
rCold   . . .        w - +0 mace (protect) {Bastian}
rNeg    . . .        n - +1 plate armour
rPois   .            k - +0 helmet
rElec   .            (no cloak)
rCorr   .            (no gloves)
SInv    .            e - +0 pair of boots
Will    .....        (amulet unavailable) Stlth
                     (ring unavailable)
HPRegen 0.28/turn    (ring unavailable)
MPRegen 0.10/turn    (no gizmo)

%: no passive effects
@: weak-willed
A: off-hand wielding, slow wielding, warmup strikes, no jewellery
a: Invent Gizmo, Renounce Religion


You were in the Ecumenical Temple.
You worshipped Okawaru.
Okawaru was noncommittal.
You visited 2 branches of the dungeon, and saw 7 of its levels.

You collected 437 gold pieces.
You paid 42 gold pieces to Gozag.

Inventory:

Hand Weapons
 a - a +0 war axe (weapon) {Ashmeen}
 w - a +0 mace of protection (offhand) {Bastian}
Armour
 b - a +0 scale mail
 c - a +0 buckler
 e - a +0 pair of boots (worn)
 k - a +0 helmet (worn)
 n - a +1 plate armour (worn)
Wands
 g - a wand of quicksilver (12)
Scrolls
 f - a scroll of immolation
 h - a scroll of fear
 i - a scroll of vulnerability
 j - 2 scrolls of blinking
 l - 3 scrolls of noise
 v - a scroll of teleportation
Potions
 d - a potion of curing
 m - 2 potions of enlightenment {unknown}
 o - a potion of cancellation {unknown}
 p - 2 potions of brilliance {unknown}
 q - a potion of heal wounds {unknown}
 r - 2 potions of haste {unknown}
 s - a potion of berserk rage {unknown}
 t - a potion of ambrosia {unknown}


   Skills:
 - Level 3.0 Fighting
 + Level 7.8 Axes
 - Level 2.6 Armour
 - Level 2.1 Shields


You had 6 spell levels left.
You didn't know any spells.
Your spell library contained the following spells:

 Spells                   Type           Power      Damage    Failure   Level
 Frozen Ramparts          Ice            0%         1d1       100%        3
 Ozocubu's Armour         Ice            0%         N/A       100%        3
 Metabolic Englaciation   Hex/Ice        0%         N/A       100%        5
 Summon Small Mammal      Summ           Unusable   N/A       N/A         1
 Call Canine Familiar     Summ           Unusable   N/A       N/A         3
 Summon Blazeheart Golem  Fire/Summ      Unusable   N/A       N/A         4

Dungeon Overview and Level Annotations

Branches:
Dungeon (6/15)             Temple (1/1) D:6

Altars:
Ashenzari
Cheibriados
Dithmenos
Elyvilon
Gozag
Makhleb
Nemelex Xobeh
Okawaru
Qazlal
Ru
Sif Muna
Uskayaw
Vehumet
Xom
Zin
The Shining One


Innate Abilities, Weirdness & Mutations

You can wield a second weapon in your off-hand.
It takes a long time for you to wield or remove held weapons.
Your first few attacks do less damage.
You cannot equip rings or amulets.


Message History

As you read the scroll of identify, it crumbles to dust.
j - 2 scrolls of blinking
As you read the scroll of identify, it crumbles to dust.
l - 3 scrolls of noise
As you read the scroll of identify, it crumbles to dust.
v - a scroll of teleportation
As you read the scroll labelled FOENAI DYINASA, it crumbles to dust.
It is a scroll of enchant armour.
Your +0 plate armour glows green for a moment.
As you read the scroll labelled REAGOACKYNG, it crumbles to dust.
A wave of despondency washes over your surroundings.
It was a scroll of vulnerability.
You hear the rusting of a distant drain.
Unknown command.
You open the door.
There is an open door here.
Found a bronze wand and 11 gold pieces.
Found a staircase to the Ecumenical Temple.
g - a wand of quicksilver (12)
There are no items here.
Found an escape hatch in the floor.
There is a staircase to the Ecumenical Temple here.
You climb downwards.
Welcome to the Ecumenical Temple!
Found eight altars.
Found a staircase back to the Dungeon.
There is a staircase back to the Dungeon here.
Found a snail-covered altar of Cheibriados.
There is a radiant altar of Vehumet here.
There is an iron altar of Okawaru here.
You kneel at the altar of Okawaru.
Unknown command.
Press < or > to pray at altars.
You kneel at the altar of Okawaru.
You have lost your religion!
Gozag does not appreciate desertion!
Okawaru welcomes you!
Unknown command.
Press < or > to pray at altars.
Unknown command.
Press < or > to pray at altars.
Are you sure you want to abandon this character and quit the game? (Confirm with "yes".)

##### ##### ###..⌠#
#⌠..### #.....##
##.....## ......⌠#
#⌠......## ._.....##
##....._..# .......⌠#
#⌠........## ........##
##..........# ...._...⌠#
#⌠...@......#
.........###..........⌠#
⌠........⌠#⌠........⌠###
##⌠...._..#.._....⌠###
###⌠...........⌠###
###⌠.......⌠###
###..<..###
###⌠.......⌠###
###⌠...........⌠###


There were no monsters in sight!

Vanquished Creatures
  Grinder (D:3)
  A jelly (D:6)
  An orc priest (D:3)
  2 iguanas (D:4)
  2 orc wizards (D:3)
  4 gnolls (D:5)
  7 adders
  A shadow imp (D:6)
  3 dart slugs
  A ribbon worm (D:2)
  7 orcs
  3 endoplasms
  2 giant cockroaches
  6 goblins
  7 hobgoblins
  4 quokkas
  6 ball pythons
  5 bats
  2 frilled lizards
  8 kobolds
  3 rats
76 creatures vanquished.

Notes
Turn   | Place    | Note
-------+----------+-------------------------------------------
     0 | D:1      | DEFE the Coglin Fighter began the quest for the Orb.
     0 | D:1      | Reached XP level 1. HP: 18/18 MP: 1/1
   100 | D:1      | Reached XP level 2. HP: 24/24 MP: 2/2
   240 | D:1      | Reached skill level 3 in Axes
   681 | D:1      | Reached XP level 3. HP: 27/29 MP: 3/3
  1107 | D:2      | Reached skill level 4 in Axes
  1436 | D:2      | Reached XP level 4. HP: 35/35 MP: 4/4
  1676 | D:3      | Found an opulent altar of Gozag.
  1676 | D:3      | Found a broken altar of Ashenzari.
  1685 | D:3      | Became a worshipper of Gozag Ym Sagoz the Greedy
  1725 | D:3      | Noticed Grinder
  1730 | D:3      | Paralysed by Grinder for 2 turns
  1742 | D:3      | Killed Grinder
  1743 | D:3      | Reached skill level 6 in Axes
  1743 | D:3      | Reached XP level 5. HP: 16/41 MP: 5/5
  1743 | D:3      | Reached XP level 6. HP: 19/47 MP: 6/6
  2395 | D:4      | Reached skill level 7 in Axes
  2423 | D:4      | Found a hide-covered altar of Uskayaw.
  2809 | D:4      | Reached XP level 7. HP: 27/52 MP: 7/7
  3352 | D:5      | Entered Level 5 of the Dungeon
  3579 | D:5      | You fall into a shaft and drop 1 floor!
  3632 | D:6      | Found a glowing silver altar of Zin.
  3792 | D:6      | Found a staircase to the Ecumenical Temple.
  3801 | Temple   | Entered the Ecumenical Temple
  3808 | Temple   | Fell from the grace of Gozag
  3808 | Temple   | Became a worshipper of Warmaster Okawaru
  3809 | Temple   | Quit the game

Illustrated notes

Levels and vault maps discovered:
D:1:      dpeg_arrival_arbitrary_a, layout_basic
D:2:      layout_basic
D:3:      layout_basic, jmf_multi_god_temple, hangedman_decor_points,
          uniq_grinder
D:4:      layout_loops_corners, mainiacjoe_overflow_alcove_4
D:5:      layout_gridville, mainiacjoe_overflow_alcove_2, fedhas_altar_2
D:6:      layout_basic, mainiacjoe_overflow_chevrons,
          minmay_temple_entry_butterflies, lightli_sewer_entry_pipes
Temple:   nicolae_temple_x_marks_the_god

Skill      XL: |  1  2  3  4  5  6 |
---------------+-------------------+-----
Axes           | 3 4 6 7 |  7.8
Fighting       | |  3.0
Armour         | |  2.6
Shields        | |  2.1

Action                     |  1- 3 |  4- 6 |  7- 9 || total
---------------------------+-------+-------+-------++-------
  Melee: War axe           |   105 |    97 |    44 ||   246
         Mace              |       |       |     3 ||     3
    Use: Potion            |       |     1 |     1 ||     2
         Scroll            |       |       |     7 ||     7
 Armour: Scale mail        |    56 |       |       ||    56
         Plate armour      |    64 |    99 |    54 ||   217
  Dodge: Dodged            |    21 |    13 |    10 ||    44
  Block: Buckler           |    27 |    16 |     9 ||    52

Table legend: (Time is in decaauts)
 A = Elapsed time spent in this place.
 B = Non-inter-level travel time spent in this place.
 C = Inter-level travel time spent in this place.
 D = Time resting spent in this place.
 E = Time spent auto-exploring this place.
 F = Levels seen in this place.
 G = Mean time per level.
                   A        B        C        D        E       F      G
               +--------+--------+--------+--------+--------+-----+--------+
         Total |   3878 |   3781 |     97 |    352 |   2740 |   7 |  554.0 |
       Dungeon |   3870 |   3773 |     97 |    352 |   2740 |   6 |  645.0 |
        Temple |      7 |      7 |      0 |      0 |      0 |   1 |    7.0 |
               +--------+--------+--------+--------+--------+-----+--------+

Top non-repeatable levels by time:
     D:4: 986 daAuts
     D:3: 844 daAuts
     D:2: 827 daAuts
     D:1: 758 daAuts
     D:5: 229 daAuts
     D:6: 224 daAuts
  Temple: 7 daAuts
